 Dungeon Crawl Stone Soup version 0.17.0-9-g801d43b (console) character file.

1780 gw the Chopper (level 8, 54/73 HPs)
             Began as a Deep Dwarf Fighter on Nov 9, 2015.
             Was a Priest of Makhleb.
             Quit the game on level 7 of the Dungeon.
             The game lasted 00:13:11 (7158 turns).

gw the Chopper (Deep Dwarf Fighter)                 Turns: 7158, Time: 00:13:11

Health: 54/73      AC: 12    Str: 20    XL:     8   Next: 81%
Magic:  8/8        EV:  6    Int:  9    God:    Makhleb [***...]
Gold:   314        SH: 10    Dex: 14    Spells: 0 memorised, 7 levels left

rFire  . . .     SeeInvis .     a - +0 war axe
rCold  . . .     Clarity  .     g - +0 chain mail (curse)
rNeg   . . .     SustAt   .     c - +0 shield
rPois  .         Gourm    .     (no helmet)
rElec  .         Spirit   .     h - +1 cloak
rCorr  .         Warding  .     (no gloves)
rMut   .         Stasis   .     (no boots)
MR     +....                    (no amulet)
Stlth  ..........               (no ring)
                                (no ring)

@: non-regenerating, somewhat resistant to hostile enchantments, extremely
unstealthy
A: damage resistance, recharge devices, sense surroundings 1, slow regeneration
3
a: Device Recharging, Minor Destruction, Lesser Servant of Makhleb, Renounce
Religion


You were on level 7 of the Dungeon.
You worshipped Makhleb.
Makhleb was most pleased with you.
You were not hungry.

You visited 1 branch of the dungeon, and saw 7 of its levels.
You also visited: Ossuary.

You collected 314 gold pieces.

Inventory:

Hand Weapons
 a - a +0 war axe (weapon)
Missiles
 b - 28 poisoned needles
 i - 29 stones (quivered)
Armour
 c - a +0 shield (worn)
 d - a +2 scale mail of fire resistance
 g - a cursed +0 chain mail (worn)
 h - a +1 cloak (worn)
 l - a cursed -1 scale mail
Wands
 e - a wand of heal wounds (5)
Comestibles
 f - 4 bread rations


   Skills:
 + Level 4.7 Fighting
 * Level 7.3 Axes
 + Level 3.3 Throwing
 + Level 5.8 Armour
 + Level 6.2 Shields
 + Level 4.2 Invocations


You had 7 spell levels left.
You didn't know any spells.

Dungeon Overview and Level Annotations

Branches:
Dungeon (7/15)             Temple (0/1) D:5

Altars:
Elyvilon
Makhleb
Sif Muna
Xom
Zin

Annotations:
D:5 4 runed doors


Innate Abilities, Weirdness & Mutations

You are resistant to damage.
You can recharge devices by infusing magical energy.
You passively map a small area around you.
You do not regenerate naturally.


Message History

Unknown command.
Unknown command.
Unknown command.
Unknown command.
Unknown command.
Unknown command.
Attempting RANGED ATTACK TO (-1,4) Throwing (i - inventory):
i - 29 stones (quivered)
Press: ? - help, Shift-Dir - straight line, f/p - giant frog
Aim: a giant frog Really fire through your ufetubus?
Okay, then.
Unknown command.
Unknown command.
Unknown command.
Unknown command.
Unknown command.
Unknown command.
Infinite lua loop detected, aborting.
Are you sure you want to abandon this character and quit the game? (Confirm with "yes".)

.........##..#
#.......###..##
##......###....
##............
#######.#..####.##
#.......#..# #.#
#.####..#..####.##
#.# #............
#g# ##.##.#####.#
#%# #.##.#####.#
35# #.##.?......
#.## #.#.........
#F #.#..#####.# #(
#.#,.# #.# #( #.#,
* #.# #. ...,, #.#
, ** #.#


You could see a giant frog, a friendly ynoxinul and a friendly ufetubus.

Table legend:
 A = Turns spent in this place as a percentage of turns spent in the entire game.
 B = Non-inter-level travel turns spent in this place as a percentage of non-inter-level travel turns spent in the entire game.
 C = Inter-level travel turns spent in this place as a percentage of turns spent in this place.
 D = Turns resting spent in this place as a percentage of non-inter-level travel turns spent in this place.
 E = Turns spent auto-exploring this place as a percentage of non-inter-level travel turns spent in this place.
 F = Non-inter-level travel turns spent in this place divided by the number of levels of this place that you've seen.
                   A       B       C       D       E      F
               +-------+-------+-------+-------+-------+----------------------
         Total | 100.0 | 100.0 |   0.3 |   0.0 |   1.5 | 2651.0
       Dungeon |  93.8 |  93.7 |   0.3 |   0.0 |   1.5 | 2840.0
       Ossuary |   6.2 |   6.3 |   0.0 |   0.0 |   1.4 | 1328.0
               +-------+-------+-------+-------+-------+----------------------

Table legend:
 A = Kills in this place as a percentage of kills in entire the game.
 B = Kills by you in this place as a percentage of kills by you in the entire game.
 C = Kills by friends in this place as a percentage of kills by friends in the entire game.
 D = Other kills in this place as a percentage of other kills in the entire game.
 E = Experience gained in this place as a percentage of experience gained in the entire game.
 F = Experience gained in this place divided by the number of levels of this place that you have seen.
                   A       B       C       D       E      F
               +-------+-------+-------+-------+-------+----------------------
         Total | 100.0 | 100.0 | 100.0 |  -nan | 100.0 | 318.0
       Dungeon |  88.1 |  88.0 | 100.0 |  -nan |  92.3 | 335.6
       Ossuary |  11.9 |  12.0 |   0.0 |  -nan |   7.7 | 195.0
               +-------+-------+-------+-------+-------+----------------------

Vanquished Creatures
  Menkaure (Ossuary)
  Edmund (D:5)
  3 ogres
  A black bear (D:5)
  A phantom (D:5)
  A centaur (D:5)
  A big kobold (D:3)
  A giant frog (D:6)
  A scorpion (D:5)
  2 hounds
  2 orc priests
  A giant frog zombie (D:7)
  Ijyb (D:3)
  3 centaur skeletons
  3 orc wizards
  Terence (D:3)
  2 iguanas (D:4)
  2 worker ants (D:5)
  2 hound skeletons
  A mummy (Ossuary)
  4 gnolls
  14 adders
  2 shadow imps
  2 oozes
  2 adder skeletons (D:5)
  An adder zombie (D:7)
  4 worms
  14 orcs
  6 giant cockroaches
  6 hobgoblins
  3 jackals (D:2)
  7 kobolds
  4 quokkas
  4 ball pythons
  13 bats
  A giant cockroach zombie (D:6)
  6 giant geckos
  A giant gecko skeleton (D:4)
  5 giant newts
  2 gnoll skeletons (Ossuary)
  2 gnoll zombies (Ossuary)
  7 goblins
  2 goblin skeletons (Ossuary)
  2 hobgoblin skeletons (Ossuary)
  2 hobgoblin zombies (Ossuary)
  4 kobold zombies (Ossuary)
  An orc zombie (Ossuary)
  4 rats
  A rat skeleton (Ossuary)
  3 rat zombies (Ossuary)
160 creatures vanquished.

Vanquished Creatures (collateral kills)
  A giant frog (D:7)
1 creature vanquished.

Vanquished Creatures (others)
  2 mummies (Ossuary)
  3 gnoll skeletons (Ossuary)
  4 gnoll zombies (Ossuary)
  2 goblin skeletons (Ossuary)
  2 goblin zombies (Ossuary)
  4 hobgoblin skeletons (Ossuary)
  2 hobgoblin zombies (Ossuary)
  5 kobold skeletons (Ossuary)
  A kobold zombie (Ossuary)
  2 orc skeletons (Ossuary)
  An orc zombie (Ossuary)
  2 rat skeletons (Ossuary)
  3 rat zombies (Ossuary)
33 creatures vanquished.

Grand Total: 194 creatures vanquished

Notes
Turn   | Place    | Note
--------------------------------------------------------------
     0 | D:1      | gw the Deep Dwarf Fighter began the quest for the Orb.
     0 | D:1      | Reached XP level 1. HP: 20/20 MP: 1/1
   189 | D:1      | Reached XP level 2. HP: 27/27 MP: 2/2
   454 | D:1      | Reached XP level 3. HP: 31/33 MP: 3/3
   967 | D:2      | Reached skill level 1 in Throwing
   967 | D:2      | Reached XP level 4. HP: 27/42 MP: 4/4
  1779 | D:2      | Reached skill level 4 in Shields
  2086 | D:3      | Found a burning altar of Makhleb.
  2099 | D:3      | Reached XP level 5. HP: 38/49 MP: 5/5
  2111 | D:3      | Became a worshipper of Makhleb the Destroyer
  2410 | D:3      | Noticed Terence
  2419 | D:3      | Killed Terence
  2467 | D:3      | Noticed a big kobold
  2477 | D:3      | Killed a big kobold
  2477 | D:3      | Reached skill level 1 in Invocations
  2500 | D:3      | Noticed Ijyb
  2512 | D:3      | Killed Ijyb
  2512 | D:3      | Reached XP level 6. HP: 41/56 MP: 6/6
  2570 | D:3      | Found a faded altar to an unknown god.
  3403 | D:4      | Reached * piety under Makhleb
  3704 | D:4      | Reached skill level 5 in Axes
  3805 | D:4      | Reached XP level 7. HP: 37/63 MP: 7/7
  4247 | D:4      | Reached skill level 5 in Shields
  4599 | D:5      | Entered Level 5 of the Dungeon
  4632 | D:5      | Reached skill level 5 in Armour
  4666 | D:5      | Found a large runed door.
  4667 | D:5      | Found a large runed door.
  4825 | D:5      | Found a staircase to the Ecumenical Temple.
  4870 | D:5      | Reached ** piety under Makhleb
  4909 | D:5      | Found a large runed door.
  4910 | D:5      | Found a large runed door.
  5034 | D:5      | Found a glowing silver altar of Zin.
  5084 | D:5      | Found a deep blue altar of Sif Muna.
  5304 | D:5      | Reached skill level 6 in Axes
  5369 | D:5      | Reached XP level 8. HP: 64/72 MP: 9/9
  5467 | D:5      | Noticed Edmund
  5501 | D:5      | Killed Edmund
  5716 | D:5      | Found a shimmering altar of Xom.
  6053 | D:6      | Found a white marble altar of Elyvilon.
  6140 | D:6      | Found a sand-covered staircase.
  6145 | Ossuary  | Entered an ossuary
  6158 | Ossuary  | Reached *** piety under Makhleb
  6499 | Ossuary  | Noticed Menkaure
  6513 | Ossuary  | Killed Menkaure
  6513 | Ossuary  | Reached skill level 7 in Axes
  7158 | D:7      | Quit the game

Action                   |  1- 3 |  4- 6 |  7- 9 || total
-------------------------+-------+-------+-------++-------
Melee: War axe           |    94 |   200 |   241 ||   535
Throw: Stone             |    48 |    73 |   145 ||   266
       Tomahawk          |     3 |    52 |    20 ||    75
       Javelin           |       |     7 |    37 ||    44
Invok: Lesser Servant of |       |       |     1 ||     1
 Abil: Device Recharging |       |     1 |     2 ||     3
Evoke: Wand              |       |     5 |     6 ||    11
  Use: Potion            |     1 |       |       ||     1
  Eat: Chunk             |       |    10 |     7 ||    17
       Bread ration      |       |       |     1 ||     1

Vault maps used:
D:1:      ncdulo_watergridlock, amethyst_killhole
D:2:      first_bread
D:3:      bloody_makhleb, ecumenical_altar_2, uniq_iyjb, uniq_terence
D:4:      hangedman_abyss_or_decor_stagger
D:5:      old_standard_altar, led_sif_book, xom_butterflies,
          minmay_temple_entry_overgrown, minmay_hollow_rounded_squares,
          uniq_edmund
D:6:      elyvilon_altar_5, enter_ossuary_5, hangedman_decor_push
D:7:      old_standard_altar, cheibrodos_ashenzari_chains
Ossuary:  ossuary_due_pyramid
